 Dungeon Crawl Stone Soup version 0.27-a0-379-g34d631faf5 (webtiles) character file.

Game seed: 7608951555537958911

72 Chiseanne the Bolt Thrower (level 4, -4/34 HPs)
             Began as a Demonspawn Wanderer on Feb 17, 2021.
             Slain by Sigmund
             ... wielding a +0 scythe
              (6 damage)
             ... on level 2 of the Dungeon.
             The game lasted 00:03:35 (970 turns).

Chiseanne the Bolt Thrower (Demonspawn Wanderer)     Turns: 970, Time: 00:03:36

Health: -4/34      AC:  2    Str: 13 (14) XL:     4   Next: 6%
Magic:  5/5        EV: 12    Int: 10 (13) God:
Gold:   59         SH:  0    Dex: 10 (12) Spells: 5/5 levels left

rFire    . . .     SeeInvis .   w - +2 hand crossbow
rCold    . . .     Faith    .   (no shield)
rNeg     . . .     Spirit   .   e - +0 robe
rPois    .         Reflect  .   (no helmet)
rElec    .         Harm     .   (no cloak)
rCorr    .         Rampage  .   (no gloves)
Will     .....                  (no boots)
Stlth    +.........             (no amulet)
HPRegen  0.11/turn              (no ring)
MPRegen  0.09/turn              (no ring)

@: brilliant
A: claws 1, demonic magic 1
a: no special abilities


You were on level 2 of the Dungeon.
You visited 1 branch of the dungeon, and saw 2 of its levels.

You collected 59 gold pieces.

Inventory:

Hand Weapons
 a - a +2 dagger of protection
 n - a +3 dagger
 w - a +2 hand crossbow (weapon)
Missiles
 b - 32 bolts (quivered ammo)
 j - 28 arrows
Armour
 e - a +0 robe (worn)
Jewellery
 g - a ring of ice {unknown}
 i - a ring of see invisible {unknown}
 k - a ring of wizardry {unknown}
 l - a +4 ring of slaying {unknown}
Wands
 d - a wand of random effects (15)
Scrolls
 c - a scroll of teleportation


   Skills:
 * Level 2.6 Fighting
 * Level 3.8 Crossbows
 * Level 2.0 Dodging
 - Level 1.0 Spellcasting
 - Level 2.1 Necromancy
 - Level 2.0 Evocations


You had 5 spell levels left.
You didn't know any spells.
Your spell library was empty.

Dungeon Overview and Level Annotations

Branches:
Dungeon (2/15)

Altars:

Annotations:
D:2 Sigmund


Innate Abilities, Weirdness & Mutations

You have sharp fingernails.
Spells you cast may paralyse adjacent enemies.


Message History

You have reached level 4!
You feel agile.
Drop what? 15/52 slots (_ for help) (? for menu, Esc to quit)
Drop what? 15/52 slots (_ for help) (? for menu, Esc to quit)
You drop 35 stones.
Sigmund casts a spell at you. The magic dart hits you.
* * * LOW HITPOINT WARNING * * *
Fire: 35 bolts
Press: ? - help, Q - select action, (/) - cycle Shift-Dir - straight line, f/p - Sigmund
Aim: Sigmund, wielding a +0 scythe and wearing a +2 robe of willpower (severely wounded, 62% to hit)
You shoot a bolt.
The bolt hits Sigmund but does no damage.
Sigmund is severely wounded.
Sigmund points at you and mumbles some strange words.
You are confused.
It was a potion of degeneration.
There was something very wrong with that liquid.
You feel weakened.
You feel dopey.
You feel clumsy. Sigmund barely misses you.
It was a potion of brilliance.
You feel clever all of a sudden. Sigmund hits you with a +0 scythe.
* * * LOW HITPOINT WARNING * * *
You feel less confused. Sigmund barely misses you.
Fire: 34 bolts
Press: ? - help, Q - select action, (/) - cycle Shift-Dir - straight line, f/p - Sigmund
Aim: Sigmund, wielding a +0 scythe and wearing a +2 robe of willpower (severely wounded, 61% to hit)
You shoot a bolt.
The bolt hits Sigmund but does no damage.
Sigmund is severely wounded.
Sigmund misses you.
Fire: 33 bolts
Press: ? - help, Q - select action, (/) - cycle Shift-Dir - straight line, f/p - Sigmund
Aim: Sigmund, wielding a +0 scythe and wearing a +2 robe of willpower (severely wounded, 61% to hit)
You shoot a bolt. The bolt hits Sigmund.
Sigmund is almost dead.
Sigmund hits you from afar with a +0 scythe.
You die...

........#...#...#.#......#.######
.....####...##.##.#..#...#.......
...†.†..##.....##'#..#####...####
.....##))...###..............'..)
....^##.....# #.....#####..†.####
.....##.....# #.....# #....#
..#'###.....# #.....# #.>.##
..#.# #.....# #.....# #...# ..#..
#.....+ +.@...# #...#
#####.##....# #.....# #...#
........ +...@(# ##### ##
#....(.# ##...(.# #.....# #.....#
#.....# #.....#


You could see Sigmund.

Vanquished Creatures
  3 adders (D:2)
  A worm (D:2)
  2 dart slugs
  A leopard gecko (D:2)
  A ball python (D:1)
  A giant cockroach (D:2)
  4 goblins (D:1)
  7 hobgoblins
  4 jackals (D:1)
  A bat (D:1)
  A frilled lizard (D:1)
  7 kobolds
  3 rats
36 creatures vanquished.

Notes
Turn   | Place    | Note
-------+----------+-------------------------------------------
     0 | D:1      | Chiseanne the Demonspawn Wanderer began the quest for the
                  | Orb.
     0 | D:1      | Chiseanne set off with the following items: a +2 hand
                  | crossbow, 24 bolts, a scroll of teleportation, a wand of
                  | random effects (15), a +0 robe
     0 | D:1      | Reached XP level 1. HP: 15/15 MP: 2/2
   242 | D:1      | Gained mutation: You have sharp fingernails. [demonic
                  | ancestry]
   242 | D:1      | Reached XP level 2. HP: 21/21 MP: 3/3
   244 | D:1      | Reached skill level 1 in Dodging
   684 | D:2      | Gained mutation: Spells you cast may paralyse adjacent
                  | enemies. [demonic ancestry]
   684 | D:2      | Reached XP level 3. HP: 27/27 MP: 4/4
   953 | D:2      | Noticed Sigmund
   961 | D:2      | Reached XP level 4. HP: 8/34 MP: 5/5
   970 | D:2      | Slain by Sigmund

Illustrated notes

Levels and vault maps discovered:
D:1:      amcnicky_arrival_abandoned_market, layout_basic
D:2:      layout_basic, uniq_jessica, uniq_sigmund

Skill      XL: |  1  2  3 |
---------------+----------+-----
Dodging        | 1 2 |  2.0
Fighting       | 2 |  2.6
Crossbows      | |  3.8
Spellcasting   | |  1.0
Necromancy     | |  2.1
Evocations     | |  2.0

Action                   |  1- 3 |  4- 6 || total
-------------------------+-------+-------++-------
 Fire: Hand crossbow     |    85 |     3 ||    88
  Use: Potion            |       |     2 ||     2
Armor: Robe              |     8 |       ||     8
Dodge: Dodged            |    26 |     3 ||    29

Table legend: (Time is in decaauts)
 A = Elapsed time spent in this place.
 B = Non-inter-level travel time spent in this place.
 C = Inter-level travel time spent in this place.
 D = Time resting spent in this place.
 E = Time spent auto-exploring this place.
 F = Levels seen in this place.
 G = Mean time per level.
                   A        B        C        D        E       F      G
               +--------+--------+--------+--------+--------+-----+--------+
         Total |    997 |    944 |     53 |     62 |    677 |   2 |  498.5 |
       Dungeon |    997 |    944 |     53 |     62 |    677 |   2 |  498.5 |
               +--------+--------+--------+--------+--------+-----+--------+

Top non-repeatable levels by time:
     D:1: 629 daAuts
     D:2: 367 daAuts
